 Dungeon Crawl Stone Soup version 0.26.1-11-gd32895ea62 (webtiles) character file.

Game seed: 17235127930775520431

13127 Blebati the Nimble (level 12, -3/94 (97) HPs)
             Began as a Human Wanderer on June 11, 2021.
             Slain by a soul eater (15 damage)
             ... summoned by an orc sorcerer
             ... on level 2 of the Orcish Mines.
             The game lasted 02:36:10 (16285 turns).

Blebati the Nimble (Human Wanderer)                Turns: 16285, Time: 02:36:10

HP:   -3/94 (97)    AC: 10    Str: 17    XL:     12   Next: 28%
MP:   12/12         EV: 20    Int: 14    God:
Gold: 858           SH:  0    Dex: 21    Spells: 5/11 levels left

rFire    + . .     SeeInvis .   S - +9 war axe "Piajuol" {vorpal, Str+4 Dex+5}
rCold    . . .     Faith    .   (no shield)
rNeg     . . .     Spirit   .   q - +2 leather armour {rF+}
rPois    +         Reflect  .   z - +1 helmet
rElec    .         Harm     .   (no cloak)
rCorr    .         Rampage  .   (no gloves)
Will     +....                  j - +2 pair of boots
Stlth    ++........             t - amulet of regeneration
HPRegen  0.65/turn              i - ring of willpower
MPRegen  0.13/turn              w - ring of poison resistance

@: lightly drained
A: no striking features
a: no special abilities


You were on level 2 of the Orcish Mines.
You visited 5 branches of the dungeon, and saw 14 of its levels.

You collected 1104 gold pieces.
You spent 246 gold pieces at shops.

Inventory:

Hand Weapons
 c - a +0 short sword of speed
 d - a +1 scimitar of freezing
 e - a +1 hunting sling
 g - a +0 dagger
 v - a +3 shortbow
 B - a +3 great sword
 E - a +0 hand crossbow
 S - the +9 war axe "Piajuol" (weapon) {vorpal, Str+4 Dex+5}
   (You took it off a centaur on level 8 of the Dungeon)

   It inflicts extra damage upon your enemies.
   It affects your strength (+4).
   It affects your dexterity (+5).
Missiles
 f - 22 bolts
 k - a throwing net
 l - 144 sling bullets
 m - 313 stones
 n - 117 arrows
 r - 14 boomerangs
 G - 5 atropa-tipped darts
 I - 2 silver boomerangs
 J - 6 javelins
 O - 3 poisoned darts
Armour
 j - a +2 pair of boots (worn)
 q - a +2 leather armour of fire resistance (worn)
 u - a +2 leather armour of cold resistance
 z - a +1 helmet (worn)
 Q - a +0 buckler
Jewellery
 h - an uncursed amulet of the acrobat
 i - a ring of willpower (left hand)
 o - an uncursed ring of flight
 t - an amulet of regeneration (around neck)
 w - a ring of poison resistance (right hand)
 A - an uncursed ring of wizardry
 R - an uncursed ring of wizardry
Wands
 p - a wand of paralysis (7)
 x - a wand of flame (7)
 N - a wand of polymorph (2) (quivered)
Scrolls
 b - 3 scrolls of magic mapping
 s - 3 scrolls of amnesia
 y - a scroll of remove curse
 M - a scroll of fog
Potions
 a - 2 potions of mutation
 D - 2 potions of cancellation
 L - a potion of brilliance


   Skills:
 - Level 10.0 Fighting
 - Level 1.0 Short Blades
 + Level 9.3(9.5) Axes
 - Level 2.9(6.6) Polearms
 - Level 1.0(1.2) Slings
 - Level 1.0(1.2) Throwing
 - Level 10.1 Dodging
 - Level 1.0 Shields
 - Level 8.0 Unarmed Combat
 - Level 2.0 Air Magic
 - Level 3.0 Poison Magic


You had 5 spell levels left.
You knew the following spells:

 Your Spells              Type           Power        Failure   Level
a - Freeze                Ice            0%           34%         1
b - Animate Skeleton      Necr           0%           34%         1
c - Apportation           Tloc           0%           34%         1
d - Ozocubu's Armour      Ice            0%           71%         3

Your spell library contained the following spells:

 Spells                   Type           Power        Failure   Level
 Corona                   Hex            0%           34%         1
 Pain                     Necr           0%           34%         1
 Summon Small Mammal      Summ           0%           34%         1
 Vampiric Draining        Necr           0%           71%         3
 Animate Dead             Necr           0%           98%         4
 Agony                    Necr           0%           100%        5


Dungeon Overview and Level Annotations

Branches:
Dungeon (9/15)             Temple (1/1) D:6            Lair (1/6) D:9
    Orc (2/2) D:9             Elf (1/3) Orc:2

Altars:
Dithmenos
Elyvilon
Gozag
Hepliaklqana
Nemelex Xobeh
Okawaru
Qazlal
Trog
Vehumet
Wu Jian
Xom
Zin
The Shining One

Shops:
D:4 ?   D:7 [   D:9 =

Annotations:
D:9 2 transporters


Message History

The orc knight hits you from afar with a +0 bardiche!!
The soul eater hits you!
You feel drained.
You hit the orc sorcerer but do no damage.
The orc sorcerer is severely wounded.
You barely miss the soul eater.
The orc sorcerer hits you with a +0 dagger.
The soul eater hits you.
The orc sorcerer hits you but does no damage.
The orc sorcerer wildly gestures.
The orc sorcerer shimmers violently.
You miss the orc sorcerer.
The orc sorcerer is severely wounded.
You hit the soul eater but do no damage.
The orc knight hits you from afar with a +0 bardiche!
* * * LOW HITPOINT WARNING * * *
The soul eater draws from the surrounding life force!
* * * LOW HITPOINT WARNING * * *
The orc sorcerer hits you but does no damage.
The soul eater hits you!
You die...

### ###### ##.###
###..#.##
#....###.......#
##....#.......##
#######....##......##
.....##...###......#
...........##...@..##
..........####o3....#
.........##..)o....##
..................##
..................#
.....................
.....................#
......................
................##.#.#


You could see an orc knight, a soul eater (summoned) and an orc sorcerer
(strong).

Vanquished Creatures
  A dancing weapon (Orc:2)
  3 orc high priests (Orc:2)
  2 orc knights (Orc:1)
  4 orc sorcerers
  A black mamba (Lair:1)
  Joseph (D:9)
  A cane toad (Lair:1)
  2 trolls
  Grinder (D:4)
  A shadow (D:9)
  A wraith (D:9)
  A yak (Orc:1)
  4 wargs
  A two-headed ogre zombie (D:9)
  2 water moccasins (Lair:1)
  4 sky beasts
  20 orc warriors
  3 phantoms
  5 ogres
  2 centaurs
  4 bullfrogs
  7 scorpions
  A water moccasin skeleton (D:5)
  A troll zombie (D:9)
  An electric eel (D:7)
  2 quasits
  3 centaur skeletons
  2 hounds
  10 orc priests
  19 orc wizards
  A bullfrog skeleton (D:4)
  7 worker ants
  A killer bee zombie (D:9)
  6 ogre zombies (D:9)
  A hound zombie (D:6)
  A hound skeleton (D:5)
  Robin (D:3)
  3 gnolls
  11 adders
  A howler monkey skeleton (D:9)
  A shadow imp (D:5)
  2 white imps
  An ooze (D:4)
  2 adder skeletons
  2 worms (D:2)
  7 dart slugs
  8 leopard geckos
  72 orcs
  4 giant cockroaches
  12 hobgoblins
  4 jackals (D:3)
  6 kobolds
  4 quokkas
  2 ball pythons
  12 bats
  3 frilled lizards
  14 goblins
  A goblin zombie (D:9)
  2 hobgoblin zombies (D:9)
  2 jackal skeletons
  A jackal zombie (D:8)
  A leopard gecko zombie (D:7)
  3 orc skeletons (D:9)
  19 orc zombies (D:9)
  A quokka zombie (D:7)
  17 rats
346 creatures vanquished.

Vanquished Creatures (others)
  5 fungi
  2 plants (Lair:1)
7 creatures vanquished.

Grand Total: 353 creatures vanquished

Notes
Turn   | Place    | Note
-------+----------+-------------------------------------------
     0 | D:1      | Blebati the Human Wanderer began the quest for the Orb.
     0 | D:1      | Blebati set off with the following items: a +0 short sword,
                  | a +2 leather armour; and the following spell memorised:
                  | Freeze; and the following spells available to memorise:
                  | Ozocubu's Armour
     0 | D:1      | Reached XP level 1. HP: 15/15 MP: 1/1
   296 | D:1      | Reached XP level 2. HP: 20/21 MP: 2/2
   300 | D:1      | Reached skill level 1 in Unarmed Combat
   835 | D:1      | Reached XP level 3. HP: 27/27 MP: 3/3
  1700 | D:2      | Reached XP level 4. HP: 33/33 MP: 4/4
  2668 | D:2      | Reached XP level 5. HP: 38/41 MP: 5/5
  2914 | D:3      | Noticed Robin
  3209 | D:2      | Reached XP level 6. HP: 46/47 MP: 6/6
  3730 | D:3      | Killed Robin
  4068 | D:4      | Noticed Grinder
  4236 | D:4      | Noticed an ogre
  4398 | D:3      | Reached XP level 7. HP: 54/54 MP: 7/7
  5265 | D:3      | Learned a level 1 spell: Animate Skeleton
  5346 | D:4      | Paralysed by Grinder for 5 turns
  5388 | D:4      | Killed Grinder
  5389 | D:4      | Reached skill level 5 in Unarmed Combat
  5427 | D:4      | Reached XP level 8. HP: 40/60 MP: 8/8
  5588 | D:4      | Found Pidghiuj's Magic Scroll Boutique.
  5620 | D:4      | Bought a scroll of teleportation for 39 gold pieces
  5620 | D:4      | Bought a scroll of identify for 26 gold pieces
  5620 | D:4      | Bought a scroll of identify for 26 gold pieces
  5796 | D:5      | Entered Level 5 of the Dungeon
  6227 | D:5      | Found an opulent altar of Gozag.
  6228 | D:5      | Found a stormy altar of Qazlal.
  6235 | D:5      | Found a sparkling altar of Nemelex Xobeh.
  6235 | D:5      | Found a shadowy altar of Dithmenos.
  6305 | D:5      | Found a glowing golden altar of the Shining One.
  6493 | D:6      | Found a staircase to the Ecumenical Temple.
  6727 | D:5      | Reached skill level 5 in Fighting
  6999 | D:6      | Reached skill level 5 in Dodging
  7415 | D:6      | Learned a level 1 spell: Apportation
  7419 | D:6      | Learned a level 3 spell: Ozocubu's Armour
  8156 | Temple   | Entered the Ecumenical Temple
  8393 | D:6      | Reached XP level 9. HP: 69/69 MP: 9/9
  8772 | D:6      | Reached skill level 1 in Slings
  9454 | D:7      | Found Zeot's Antique Armour Shoppe.
  9613 | D:7      | Bought a glowing leather armour for 155 gold pieces
 11650 | D:8      | Reached XP level 10. HP: 80/80 MP: 10/10
 11732 | D:8      | Identified the +9 war axe "Piajuol" {vorpal, Str+4 Dex+5}
 12078 | D:8      | Found an iron altar of Okawaru.
 12388 | D:8      | Reached skill level 1 in Axes
 12437 | D:9      | Reached skill level 1 in Polearms
 12456 | D:9      | Found a transporter.
 12456 | D:9      | Noticed a boulder beetle
 12457 | D:9      | Found a transporter.
 12522 | D:9      | Noticed Joseph
 12540 | D:9      | Killed Joseph
 12876 | D:9      | Found Pirigedeyck's Jewellery Shop.
 12916 | D:9      | Found a staircase to the Lair.
 12927 | D:9      | Found a staircase to the Orcish Mines.
 13635 | Lair:1   | Entered Level 1 of the Lair of Beasts
 13673 | Lair:1   | Noticed a cane toad
 13726 | Lair:1   | Noticed a cane toad
 13733 | Lair:1   | Killed a cane toad
 13734 | Lair:1   | Reached skill level 5 in Axes
 13841 | Lair:1   | Noticed a black mamba
 13843 | Lair:1   | Noticed a cane toad
 13849 | Lair:1   | Killed a black mamba
 13851 | Lair:1   | Noticed a five-headed hydra
 13968 | Orc:1    | Entered Level 1 of the Orcish Mines
 13980 | D:9      | Reached XP level 11. HP: 74/86 MP: 11/11
 14041 | Orc:1    | Noticed an orc sorcerer
 14053 | Orc:1    | Killed an orc sorcerer
 14298 | Orc:2    | Entered Level 2 of the Orcish Mines
 14621 | Orc:1    | Noticed an orc sorcerer
 14632 | Orc:1    | Noticed a soul eater
 14642 | Orc:1    | Killed an orc sorcerer
 14732 | Orc:2    | Found a staircase to the Elven Halls.
 14750 | Elf:1    | Entered Level 1 of the Elven Halls
 14750 | Elf:1    | Noticed a +0 short sword of speed
 14756 | Orc:2    | Killed a +0 short sword of speed
 14757 | Orc:2    | Reached skill level 10 in Fighting
 14813 | Orc:2    | Noticed an orc knight
 14848 | Orc:1    | Killed an orc knight
 15514 | Orc:2    | Noticed an orc high priest
 15514 | Orc:2    | Noticed an orc high priest
 15514 | Orc:2    | Noticed an orc high priest
 15514 | Orc:2    | Noticed an orc knight
 15514 | Orc:2    | Noticed an orc knight
 15514 | Orc:2    | Noticed an orc knight
 15514 | Orc:2    | Noticed an orc knight
 15514 | Orc:2    | Noticed an orc sorcerer
 15514 | Orc:2    | Noticed an orc sorcerer
 15516 | Orc:2    | Noticed an orc sorcerer
 15612 | Orc:2    | Killed an orc high priest
 15671 | Orc:2    | Noticed a sixfirhy
 15673 | Orc:2    | Killed an orc high priest
 15674 | Orc:2    | Reached skill level 10 in Dodging
 15674 | Orc:2    | Reached XP level 12. HP: 28/97 MP: 12/12
 16157 | Orc:2    | Killed an orc high priest
 16277 | Orc:2    | Noticed a soul eater
 16285 | Orc:2    | Slain by a soul eater

Illustrated notes

Levels and vault maps discovered:
D:1:      dpeg_arrival_ratfight, layout_loops_corners
D:2:      layout_basic
D:3:      layout_basic, uniq_robin
D:4:      layout_gridville, serial_shops, kennysheep_mini, uniq_grinder
D:5:      layout_rooms, kennysheep_little_box, minitemple
D:6:      minmay_chambers_of_threes, layout_cave_pools, temple_pool_b
D:7:      old_forge, layout_loops_corners, serial_shops,
          nicolae_shop_competitors_out_of_business, lightli_minifort
D:8:      layout_basic, okawaru_ov_weapons_minmay
D:9:      gammafunk_boulding_lane, layout_loops_ring, zombieorc2_lemuel,
          serial_shops, shop_fountains, uniq_joseph
Temple:   eino_temple_scatter_basement
Lair:1:   layout_loops_ring, chequers_serial_rivers_micro_d, grunt_megastairs_5,
          infiniplex_staircase_pool, uniq_nergalle
Orc:1:    layout_diamond_mine
Orc:2:    st_orc_elflike, layout_diamond_mine
Elf:1:    layout_gridlike, serial_shops, nicolae_shop_crystal,
          kennysheep_underground_church, nicolae_elf_big_sculpture_3

Skill      XL: |  1  2  3  4  5  6  7  8  9 10 11 12 |
---------------+-------------------------------------+-----
Unarmed Combat | 1 2 3 6 7 8 |  8.0
Fighting       | 2 3 4 6 8 10 | 10.0
Dodging        | 2 3 5 7 8 10 | 10.1
Slings         | 1 |  1.0
Axes           | 6 8 9 |  9.3
Polearms       | 1 2 |  2.9
Short Blades   | |  1.0
Throwing       | |  1.0
Shields        | |  1.0
Air Magic      | |  2.0
Poison Magic   | |  3.0

Action                   |  1- 3 |  4- 6 |  7- 9 | 10-12 || total
-------------------------+-------+-------+-------+-------++-------
Melee: Short sword       |    83 |       |       |       ||    83
       Unarmed           |    32 |   275 |   579 |    28 ||   914
       Dagger            |       |     6 |    15 |       ||    21
       Punch             |       |     4 |    18 |    23 ||    45
       Halberd           |       |     5 |    15 |       ||    20
       Glaive            |       |       |    29 |       ||    29
       War axe           |       |       |       |   419 ||   419
 Fire: Hunting sling     |    12 |    84 |    47 |       ||   143
       Shortbow          |       |       |    36 |     7 ||    43
Throw: Stone             |     8 |    49 |    25 |       ||    82
       Dart              |       |     5 |    15 |       ||    20
       Javelin           |       |       |    14 |       ||    14
       Boomerang         |       |       |     9 |     3 ||    12
       Throwing net      |       |       |     2 |       ||     2
Evoke: Wand              |       |       |       |    14 ||    14
  Use: Scroll            |     6 |    11 |    22 |     4 ||    43
       Potion            |       |     6 |     6 |     8 ||    20
 Stab: Sleeping          |     2 |       |     2 |     1 ||     5
Armor: Leather armour    |    36 |   154 |   199 |    83 ||   472
       Skin              |       |       |       |    10 ||    10
Dodge: Dodged            |    60 |   226 |   457 |   369 ||  1112
